AoeStats
← ĐẠI ĐÔ ĐỐC MẠNH ĐẠT

Arabia

516871718Analyzed
1v1 RM · 5d ago on Oct 28, 2026· 19m 0s· 2 players
Game mode
Random Map
Map size
Tiny (2 player)
Population
200
Speed
Normal
Resources
Standard
Victory
Conquest
Starting age
Dark Age
Ending age
Imperial Age
RankedLock teamsTeams togetherTeam positionsShared explorationLock speedFull tech treeHidden civsTurbo modeCheats
Victory
Defeat
1753
+14
vs
🇹🇼 Poles · Taiwan
1717
-14
asd911s
4:10 Loom
6:59 Loom
9:35 Feudal Age
10:20 Double-Bit Axe
16:58 Horse Collar
ĐẠI ĐÔ ĐỐC MẠNH ĐẠT
6:09 Loom
8:49 Feudal Age
9:19 Double-Bit Axe
13:06 Fletching
14:56 Horse Collar
18:35 Wheelbarrow
19:36 Padded Archer Armor
Connection lost

Rejoining the realm…

Still unreachable

The connection could not be restored.

Session expired

The server has moved on; the page needs a fresh start.